SAAA
ALLOWAY HALBERDS @ TORTOLITA DRUMMERS
07/17/2028
 
TOP OF THE 1ST
Alloway Halberds batting - Pitching for Tortolita Drummers : RHP Eduardo Bravo
Pitching: RHP Eduardo Bravo
Batting: RHB Rafael Delgado 0-0: Foul Ball, location: 2F
0-1: Ball
1-1: Ground out 5-3 (Groundball, 5L)
Batting: RHB Bryan Clifton 0-0: Called Strike
0-1: Ball
1-1: Called Strike
1-2: SINGLE (Line Drive, 9)
Batting: LHB Jorge Flores 0-0: Called Strike
0-1: Ball
Bryan Clifton steals 2nd base
1-1: Ball
2-1: Ball
Bryan Clifton is caught stealing 3rd base
3-1: Ground out 3-1 (Groundball, 34)
Top of the 1st over - 0 run(s), 1 hit(s), 0 error(s), 0 left on base; Alloway 0 - Tortolita 0
BOTTOM OF THE 1ST
Tortolita Drummers batting - Pitching for Alloway Halberds : RHP Orlando De Jesús
Pitching: RHP Orlando De Jesús
Batting: SHB Javier Vázquez 0-0: Ground out 5-3 (Groundball, 56)
Batting: RHB Jim Burch 0-0: Ground out 1-3 (Groundball, P)
Batting: SHB Marcos Roa 0-0: Ball
1-0: Ball
2-0: Called Strike
2-1: Swinging Strike
2-2: Foul Ball, location: 2F
2-2: Strikes out swinging
Bottom of the 1st over - 0 run(s), 0 hit(s), 0 error(s), 0 left on base; Alloway 0 - Tortolita 0
TOP OF THE 2ND
Alloway Halberds batting - Pitching for Tortolita Drummers : RHP Eduardo Bravo
Batting: RHB Vito Middendorf 0-0: Fly out, F4 (Flyball, 34D)
Batting: RHB Juan Salinas 0-0: Called Strike
0-1: Ground out 4-3 (Groundball, 4)
Batting: RHB Christovăo Galho 0-0: Ball
1-0: Swinging Strike
1-1: Ball
2-1: Ball
3-1: Foul Ball, location: 2F
3-2: Strikes out swinging
Top of the 2nd over - 0 run(s), 0 hit(s), 0 error(s), 0 left on base; Alloway 0 - Tortolita 0
BOTTOM OF THE 2ND
Tortolita Drummers batting - Pitching for Alloway Halberds : RHP Orlando De Jesús
Batting: SHB Roberto Mosca 0-0: Called Strike
0-1: Foul Ball, location: 2F
0-2: Ball
1-2: Strikes out swinging
Batting: LHB Steve Costillo 0-0: Foul Ball, location: 2F
0-1: Called Strike
0-2: Ball
1-2: Strikes out swinging
Batting: LHB Ramón García 0-0: SINGLE (Line Drive, 34D)
Batting: RHB Ed Hopkins 0-0: Foul Ball, location: 2F
0-1: Called Strike
0-2: Strikes out swinging
Bottom of the 2nd over - 0 run(s), 1 hit(s), 0 error(s), 1 left on base; Alloway 0 - Tortolita 0
TOP OF THE 3RD
Alloway Halberds batting - Pitching for Tortolita Drummers : RHP Eduardo Bravo
Batting: RHB Carlos De Jesús 0-0: Ball
1-0: Ball
2-0: Ball
3-0: Base on Balls
Batting: RHB Nathan Boswell 0-0: Ball
1-0: Foul Ball, location: 2F
1-1: Foul Ball, location: 2F
1-2: Foul Ball, location: 2F
1-2: Grounds into double play, 6-4-3 (Groundball, 6)
Batting: RHB Wes Bradley 0-0: Ball
1-0: Ball
2-0: Foul Ball, location: 2F
2-1: Ball
3-1: SINGLE (Groundball, 6MD)
Batting: RHB Rafael Delgado 0-0: Called Strike
0-1: Foul Ball, location: 2F
0-2: Ground out 6-3 (Groundball, 56)
Top of the 3rd over - 0 run(s), 1 hit(s), 0 error(s), 1 left on base; Alloway 0 - Tortolita 0
BOTTOM OF THE 3RD
Tortolita Drummers batting - Pitching for Alloway Halberds : RHP Orlando De Jesús
Batting: RHB Santo Alba 0-0: Ball
1-0: Foul Ball, location: 2F
1-1: Ball
2-1: Ground out 1-3 (Groundball, 13)
Batting: RHB Jeb Sexton 0-0: SINGLE (Flyball, 8LS)
Batting: SHB Javier Vázquez Pickoff Throw to First - Out!
0-0: Called Strike
0-1: Ground out 3-1 (Groundball, 34)
Bottom of the 3rd over - 0 run(s), 1 hit(s), 0 error(s), 0 left on base; Alloway 0 - Tortolita 0
TOP OF THE 4TH
Alloway Halberds batting - Pitching for Tortolita Drummers : RHP Eduardo Bravo
Batting: RHB Bryan Clifton 0-0: Called Strike
0-1: Called Strike
0-2: Ball
1-2: Fly out, F8 (Flyball, 8LM)
Batting: LHB Jorge Flores 0-0: Called Strike
0-1: Ball
1-1: Fly out, F7 (Flyball, 7LS)
Batting: RHB Vito Middendorf 0-0: Ball
1-0: Fly out, F4 (Popup, 4D)
Top of the 4th over - 0 run(s), 0 hit(s), 0 error(s), 0 left on base; Alloway 0 - Tortolita 0
BOTTOM OF THE 4TH
Tortolita Drummers batting - Pitching for Alloway Halberds : RHP Orlando De Jesús
Batting: RHB Jim Burch 0-0: Ball
1-0: Ground out 6-3 (Groundball, 56)
Batting: SHB Marcos Roa 0-0: Called Strike
0-1: Ball
1-1: Ball
2-1: SOLO HOME RUN (Flyball, 89XD), Distance : 411 ft
Batting: SHB Roberto Mosca 0-0: Ball
1-0: Fly out, F6 (Popup, 6)
Batting: LHB Steve Costillo 0-0: Called Strike
0-1: Ball
1-1: Foul Ball, location: 2F
1-2: Foul Ball, location: 2F
1-2: Ball
2-2: Fly out, F8 (Flyball, 8RS)
Bottom of the 4th over - 1 run(s), 1 hit(s), 0 error(s), 0 left on base; Alloway 0 - Tortolita 1
TOP OF THE 5TH
Alloway Halberds batting - Pitching for Tortolita Drummers : RHP Eduardo Bravo
Batting: RHB Juan Salinas 0-0: Called Strike
0-1: Foul Ball, location: 2F
0-2: Ground out 6-3 (Groundball, 6)
Batting: RHB Christovăo Galho 0-0: Ball
1-0: Ground out 6-3 (Groundball, 6)
Batting: RHB Carlos De Jesús 0-0: Ball
1-0: Foul Ball, location: 2F
1-1: Called Strike
1-2: Fly out, F9 (Flyball, 9LS)
Top of the 5th over - 0 run(s), 0 hit(s), 0 error(s), 0 left on base; Alloway 0 - Tortolita 1
BOTTOM OF THE 5TH
Tortolita Drummers batting - Pitching for Alloway Halberds : RHP Orlando De Jesús
Batting: LHB Ramón García 0-0: SINGLE (Flyball, 89S)
Batting: RHB Ed Hopkins 0-0: Sac Bunt - play at first, batter OUT! 1-3
Ramón García to second
Batting: RHB Santo Alba 0-0: Ball
1-0: Ball
2-0: Ball
3-0: Base on Balls
Batting: RHB Jeb Sexton 0-0: Ball
1-0: Ball
Passed Ball!
Ramón García to third
Santo Alba to second
2-0: Fly out, F8 (Flyball, 89S)
Runner from 3rd tags up, SCORES, no throw
Batting: SHB Javier Vázquez 0-0: Ground out 5-3 (Groundball, 56)
Bottom of the 5th over - 1 run(s), 1 hit(s), 0 error(s), 1 left on base; Alloway 0 - Tortolita 2
TOP OF THE 6TH
Alloway Halberds batting - Pitching for Tortolita Drummers : RHP Eduardo Bravo
Batting: RHB Nathan Boswell 0-0: Called Strike
0-1: Called Strike
0-2: Ball
1-2: Foul Ball, location: 2F
1-2: Ground out 5-3 (Groundball, 56)
Batting: RHB Wes Bradley 0-0: Swinging Strike
0-1: Ball
1-1: Ball
2-1: Ball
3-1: Ground out 6-3 (Groundball, 6)
Batting: RHB Rafael Delgado 0-0: Ground out 6-3 (Groundball, 6)
Top of the 6th over - 0 run(s), 0 hit(s), 0 error(s), 0 left on base; Alloway 0 - Tortolita 2
BOTTOM OF THE 6TH
Tortolita Drummers batting - Pitching for Alloway Halberds : RHP Orlando De Jesús
Batting: RHB Jim Burch 0-0: Foul Ball, location: 2F
0-1: Ball
1-1: Ball
2-1: Ball
3-1: Fly out, F7 (Flyball, 78D)
Batting: SHB Marcos Roa 0-0: Ball
1-0: Called Strike
1-1: Fly out, F7 (Flyball, 7LS)
Batting: SHB Roberto Mosca 0-0: Ball
1-0: Foul Ball, location: 2F
1-1: Ground out 4-3 (Groundball, 4)
Bottom of the 6th over - 0 run(s), 0 hit(s), 0 error(s), 0 left on base; Alloway 0 - Tortolita 2
TOP OF THE 7TH
Alloway Halberds batting - Pitching for Tortolita Drummers : RHP Eduardo Bravo
Batting: RHB Bryan Clifton 0-0: Ground out 5-3 (Groundball, 56)
Batting: LHB Jorge Flores 0-0: Ball
1-0: Called Strike
1-1: Swinging Strike
1-2: Ball
2-2: Fly out, F3 (Popup, 3L)
Batting: RHB Vito Middendorf 0-0: Ball
1-0: Ball
2-0: Called Strike
2-1: Ground out 6-3 (Groundball, 6)
Top of the 7th over - 0 run(s), 0 hit(s), 0 error(s), 0 left on base; Alloway 0 - Tortolita 2
BOTTOM OF THE 7TH
Tortolita Drummers batting - Pitching for Alloway Halberds : RHP Orlando De Jesús
Batting: LHB Steve Costillo 0-0: Ball
1-0: Swinging Strike
1-1: Ball
2-1: Called Strike
2-2: Strikes out looking
Batting: LHB Ramón García 0-0: Ball
1-0: Swinging Strike
1-1: Foul Ball, location: 2F
1-2: Strikes out swinging
Batting: RHB Ed Hopkins 0-0: Ball
1-0: Called Strike
1-1: Called Strike
1-2: Ball
2-2: Ground out 6-3 (Groundball, 6S)
Bottom of the 7th over - 0 run(s), 0 hit(s), 0 error(s), 0 left on base; Alloway 0 - Tortolita 2
TOP OF THE 8TH
Alloway Halberds batting - Pitching for Tortolita Drummers : RHP Eduardo Bravo
Batting: RHB Juan Salinas 0-0: Called Strike
0-1: Called Strike
0-2: Fly out, F8 (Flyball, 8LM)
Batting: RHB Christovăo Galho 0-0: Foul Ball, location: 2F
0-1: Swinging Strike
0-2: Ground out 6-3 (Groundball, 6S)
Batting: RHB Carlos De Jesús 0-0: Ball
1-0: Ball
2-0: Ball
3-0: Called Strike
3-1: SINGLE (Groundball, 6D)
Batting: RHB Nathan Boswell 0-0: Ball
1-0: Ball
2-0: Ball
3-0: Base on Balls
Carlos De Jesús to second
Pitching: RHP Pedro Figueroa
Batting: RHB Wes Bradley 0-0: Called Strike
0-1: Swinging Strike
0-2: Ball
1-2: Foul Ball, location: 2F
1-2: Foul Ball, location: 2F
1-2: Ball
2-2: Foul Ball, location: 2F
2-2: SINGLE (Groundball, 6MS) (infield hit)
Carlos De Jesús to third
Nathan Boswell to second
Pinch Hitting: LHB José Zarate 0-0: Foul Ball, location: 2F
0-1: Called Strike
0-2: Strikes out swinging
Top of the 8th over - 0 run(s), 2 hit(s), 0 error(s), 3 left on base; Alloway 0 - Tortolita 2
BOTTOM OF THE 8TH
Tortolita Drummers batting - Pitching for Alloway Halberds : RHP Orlando De Jesús
Now in CF: Ramón Rivera
Batting: RHB Santo Alba 0-0: Foul Ball, location: 2F
0-1: Foul Ball, location: 2F
0-2: Foul Ball, location: 2F
0-2: Ball
1-2: Ball
2-2: Foul Ball, location: 2F
2-2: Ground out 5-3 (Groundball, 56)
Batting: RHB Jeb Sexton 0-0: Called Strike
0-1: Fly out, F7 (Flyball, 7D)
Batting: SHB Javier Vázquez 0-0: Ball
1-0: Ball
2-0: SINGLE (Line Drive, 3L)
Batting: RHB Jim Burch 0-0: Ball
Javier Vázquez steals 2nd base
1-0: Ball
2-0: Foul Ball, location: 2F
2-1: Foul Ball, location: 2F
2-2: Ground out 5-3 (Groundball, 56)
Bottom of the 8th over - 0 run(s), 1 hit(s), 0 error(s), 1 left on base; Alloway 0 - Tortolita 2
TOP OF THE 9TH
Alloway Halberds batting - Pitching for Tortolita Drummers : RHP Pedro Figueroa
Pitching: RHP Francis Cahill
Batting: RHB Bryan Clifton 0-0: Foul Ball, location: 2F
0-1: Hit by Pitch
Batting: LHB Jorge Flores 0-0: Foul Ball, location: 2F
0-1: Ball
1-1: Ball
2-1: Ball
3-1: Swinging Strike
3-2: Fly out, F3 (Popup, 3S)
Pinch Hitting: RHB Jarred Morgan 0-0: Ball
1-0: Foul Ball, location: 2F
1-1: Fly out, F7 (Line Drive, 7)
Batting: RHB Juan Salinas 0-0: Ball
1-0: Fly out, F5 (Popup, 5L)
Top of the 9th over - 0 run(s), 0 hit(s), 0 error(s), 1 left on base; Alloway 0 - Tortolita 2
Wednesday, August 16th, 2017 - OOTP Baseball 17.12 Build 75